Tampa Bay Lightning vs San Jose Sharks
Created - Wednesday, February 26, 2025 at 08:04
Goals
|
| Tampa Bay Lightning |
2 |
2 |
0 |
4 |
| San Jose Sharks |
0 |
1 |
1 |
2 |
|
Shots
|
| Tampa Bay Lightning |
18 |
9 |
11 |
38 |
| San Jose Sharks |
11 |
5 |
17 |
33 |
|
1st period
1. Tampa Bay Lightning , Gustav Nyquist 3 (Kirill Kaprizov 13, Trevor Moore 4) at 4:29
2. Tampa Bay Lightning , Kirill Kaprizov 8 (Anze Kopitar 7) at 5:51 (PP)
Penalties :
Marcus Pettersson (SJS) for Tripping (Minor) at 5:49, Jordan Martinook (TBL) for Hooking (Minor) at 12:30, Christopher Tanev (SJS) for Hooking (Minor) at 17:14
2nd period
3. Tampa Bay Lightning , Roope Hintz 7 (Darnell Nurse 5) at 8:56 (PP)
4. Tampa Bay Lightning , Jamie Benn 3 (Travis Konecny 10, Roope Hintz 13) at 11:19 (PP)
5. San Jose Sharks , Yegor Sharangovich 8 (Kevin Fiala 15) at 18:06 (PP)
Penalties :
Connor Murphy (SJS) for Hooking (Minor) at 1:04, Marcus Pettersson (SJS) for Delaying the game (Minor) at 1:56, Max Domi (SJS) for Hooking (Minor) at 7:57, Marcus Pettersson (SJS) for Tripping (Minor) at 10:43, Christopher Tanev (SJS) for Cross-checking (Minor) at 11:07, Connor Murphy (SJS) for Slashing (Minor) at 14:08, Michael Matheson (TBL) for Tripping (Minor) at 16:46, Adam Henrique (SJS) for High sticking (Minor) at 19:21
3rd period
6. San Jose Sharks , Jonathan Drouin 6 (Matthew Knies 3, Dmitry Orlov 4) at 2:57
Penalties :
Roope Hintz (TBL) for Roughing (Minor) at 4:41
Goalie Stats
Darcy Kuemper (TBL), 31 saves from 33 shots - (0.939), W, 11-2-0, 60:00 minutes
Stuart Skinner (SJS), 34 saves from 38 shots - (0.895), L, 6-4-1, 60:00 minutes
Players Stats for Tampa Bay Lightning
Player Name G A P +/- PIM S H SB GA TA FO MP PP MP PK MP
------------------------------------------------------------------------------------
Anze Kopitar 0 1 1 1 0 3 0 0 0 0 15/29 22:16 5:47 2:37
Brent Burns 0 0 0 -1 0 0 2 0 0 3 0/0 20:37 6:11 0:24
Darnell Nurse 0 1 1 0 0 1 1 0 1 3 0/0 18:42 6:11 0:00
Dylan Cozens 0 0 0 0 0 3 0 0 1 0 0/0 9:53 0:00 2:36
Filip Forsberg 0 0 0 -1 0 2 0 1 1 0 1/2 17:17 6:04 0:00
Gustav Nyquist 1 0 1 1 0 7 1 0 0 0 0/1 13:22 0:00 0:00
Hampus Lindholm 0 0 0 1 0 0 1 4 0 2 0/0 17:06 0:00 2:23
Jamie Benn 1 0 1 0 0 3 2 0 0 1 9/15 16:29 6:08 0:00
Jason Dickinson 0 0 0 0 0 0 3 0 0 0 10/10 9:51 0:00 2:38
Jonathan Huberdeau 0 0 0 0 0 3 1 0 1 1 0/0 10:48 0:17 0:00
Jordan Martinook 0 0 0 0 2 0 0 0 0 0 0/0 7:16 0:00 0:00
Kirill Kaprizov 1 1 2 1 0 4 1 0 0 0 0/0 19:32 5:47 0:03
Michael Matheson 0 0 0 1 2 0 0 1 0 1 0/0 23:40 6:01 1:59
Moritz Seider 0 0 0 -1 0 1 1 0 0 1 0/0 24:12 6:01 2:55
Roope Hintz 1 1 2 -1 2 4 2 0 2 0 12/24 17:18 6:08 0:00
Travis Konecny 0 1 1 -1 0 3 2 0 2 0 2/2 17:23 6:08 0:04
Trevor Moore 0 1 1 0 0 4 1 0 1 0 0/0 13:15 0:17 2:38
Tyler Myers 0 0 0 0 0 0 0 0 0 0 0/0 15:42 0:00 2:55
Players Stats for San Jose Sharks
Player Name G A P +/- PIM S H SB GA TA FO MP PP MP PK MP
------------------------------------------------------------------------------------
Adam Henrique 0 0 0 0 2 3 2 0 0 0 14/27 19:14 3:12 4:54
Alec Martinez 0 0 0 0 0 1 0 2 0 1 0/0 11:34 0:00 0:49
Calle Jarnkrok 0 0 0 0 0 2 0 0 1 0 0/0 8:13 0:00 0:00
Christopher Tanev 0 0 0 0 4 2 0 0 0 0 0/0 25:30 2:22 4:38
Connor Murphy 0 0 0 0 4 1 1 2 0 0 0/0 20:11 2:56 3:39
Dmitry Orlov 0 1 1 0 0 0 0 2 0 0 0/0 15:27 0:00 4:36
Eeli Tolvanen 0 0 0 0 0 2 0 1 1 0 0/0 10:16 0:05 0:00
Jonathan Drouin 1 0 1 0 0 4 4 0 1 0 0/4 20:16 2:01 5:21
Kasperi Kapanen 0 0 0 0 0 1 0 1 1 1 0/0 8:13 0:00 0:00
Kevin Fiala 0 1 1 0 0 5 2 0 0 1 0/5 20:27 3:12 6:06
Marcus Pettersson 0 0 0 0 6 2 0 1 0 2 0/0 25:47 2:22 5:03
Matthew Knies 0 1 1 0 0 4 1 0 4 0 0/2 14:37 2:01 0:03
Max Domi 0 0 0 0 2 1 1 0 0 0 7/16 11:22 0:05 1:04
Noel Acciari 0 0 0 0 0 0 0 0 0 0 2/7 8:13 0:00 0:00
Ryan Johansen 0 0 0 0 0 0 0 0 0 0 9/16 13:23 0:05 0:00
Sean Durzi 0 0 0 0 0 2 1 1 1 2 0/0 22:00 2:56 5:43
T.J. Oshie 0 0 0 0 0 1 0 1 1 0 0/0 12:01 2:01 0:00
Yegor Sharangovich 1 0 1 0 0 2 1 0 2 2 2/6 19:36 3:12 5:31
3 Stars
1 - Kirill Kaprizov (TBL)
2 - Gustav Nyquist (TBL)
3 - Darcy Kuemper (TBL)
Power Play
Tampa Bay Lightning - 3 on 9 Attempt(s) - 33.33%
San Jose Sharks - 1 on 3 Attempt(s) - 33.33%
Penalty Kill
Tampa Bay Lightning - 2 on 3 Attempt(s) - 66.67%
- Score 0 goal in Penalty Kill
San Jose Sharks - 6 on 9 Attempt(s) - 66.67%
- Score 0 goal in Penalty Kill
Team Stat
Tampa Bay Lightning - Hits : 18 - Faceoff Wins : 49 - Blocked Shots : 6 - Penalty Minutes : 6
San Jose Sharks - Hits : 13 - Faceoff Wins : 34 - Blocked Shots : 11 - Penalty Minutes : 18
Official
Referees : Jon Mcisaac and Gord Dwyer
Linesman : Steve Barton and Julien Fournier
Game Notes
No Game Note
Finance
Level 1 -- Attendance: 4444 (74.07%) -- Ticket Income $431,068
Level 2 -- Attendance: 5000 (100.00%) -- Ticket Income $285,000
Level 3 -- Attendance: 2993 (99.77%) -- Ticket Income $98,769
Level 4 -- Attendance: 4817 (96.34%) -- Ticket Income $105,974
Luxury Box -- Attendance: 874 (87.40%) -- Ticket Income $168,682
Game was played at the SAP Center at San Jose.
Total Attendance: 18128 (90.64%)
Total Ticket Income: $1,089,493
Other Income: $381,323
Total Income: $1,470,816
Tampa Bay Lightning
5 vs 5 Forward
Center Left Wing Right Wing Time % Phy DF OF
1 Anze Kopitar Kirill Kaprizov Gustav Nyquist 34 0 2 3
2 Roope Hintz Travis Konecny Filip Forsberg 33 0 3 2
3 Jamie Benn Trevor Moore Jonathan Huberdeau 28 0 2 3
4 Jason Dickinson Dylan Cozens Jordan Martinook 5 0 2 3
5 vs 5 Defense
Defense Defense Time % Phy DF OF
1 Moritz Seider Brent Burns 36 1 3 1
2 Michael Matheson Hampus Lindholm 34 1 3 1
3 Darnell Nurse Tyler Myers 30 1 3 1
4 Moritz Seider Michael Matheson 0 1 2 2
PowerPlay Forward
Center Left Wing Right Wing Time % Phy DF OF
1 Anze Kopitar Kirill Kaprizov Filip Forsberg 50 1 2 2
2 Roope Hintz Jamie Benn Travis Konecny 50 1 2 2
PowerPlay Defense
Defense Defense Time % Phy DF OF
1 Michael Matheson Moritz Seider 50 1 2 2
2 Brent Burns Darnell Nurse 50 1 2 2
Penalty Kill 4 Players Forward
Center Wing Time % Phy DF OF
1 Jason Dickinson Trevor Moore 50 1 2 2
2 Anze Kopitar Dylan Cozens 50 1 2 2
Penalty Kill 4 Players Defense
Defense Defense Time % Phy DF OF
1 Moritz Seider Tyler Myers 50 1 2 2
2 Michael Matheson Hampus Lindholm 50 1 2 2
Penalty Kill - 3 Players Forward
Forward Time % Phy DF OF
1 Anze Kopitar 50 1 2 2
2 Jason Dickinson 50 1 2 2
Penalty Kill - 3 Players Defense
Defense Defense Time % Phy DF OF
1 Hampus Lindholm Darnell Nurse 50 1 2 2
2 Moritz Seider Tyler Myers 50 1 2 2
4 vs 4 Forward
Center Wing Time % Phy DF OF
1 Jamie Benn Travis Konecny 50 1 2 2
2 Anze Kopitar Roope Hintz 50 1 2 2
4 vs 4 Defense
Defense Defense Time % Phy DF OF
1 Michael Matheson Hampus Lindholm 50 1 2 2
2 Brent Burns Tyler Myers 50 1 2 2
Last Minutes Offensive
Center Left Wing Right Wing Defense Defense
Anze Kopitar Kirill Kaprizov Filip Forsberg Michael Matheson Moritz Seider
Last Minutes Defensive
Center Left Wing Right Wing Defense Defense
Anze Kopitar Jason Dickinson Travis Konecny Moritz Seider Hampus Lindholm
Goaltenders
Starting : Darcy Kuemper
Backup : Jeremy Swayman
Extra Forwards
Normal : Travis Konecny, Filip Forsberg, Jamie Benn - PP : Jonathan Huberdeau, Trevor Moore - PK : Travis Konecny
Extra Defensemen
Normal : Darnell Nurse, Michael Matheson, Moritz Seider - PP : Hampus Lindholm - PK : Brent Burns, Darnell Nurse
Penalty Shots
Trevor Moore, Filip Forsberg, Kirill Kaprizov, Gustav Nyquist, Jonathan Huberdeau
Scratches
None
San Jose Sharks
5 vs 5 Forward
Center Left Wing Right Wing Time % Phy DF OF
1 Adam Henrique Kevin Fiala Yegor Sharangovich 30 1 2 2
2 Ryan Johansen Matthew Knies Jonathan Drouin 30 1 2 2
3 Max Domi Eeli Tolvanen T.J. Oshie 25 1 2 2
4 Noel Acciari Kasperi Kapanen Calle Jarnkrok 15 1 2 2
5 vs 5 Defense
Defense Defense Time % Phy DF OF
1 Marcus Pettersson Christopher Tanev 30 1 2 2
2 Sean Durzi Connor Murphy 30 1 2 2
3 Alec Martinez Dmitry Orlov 25 1 2 2
4 Marcus Pettersson Christopher Tanev 15 1 2 2
PowerPlay Forward
Center Left Wing Right Wing Time % Phy DF OF
1 Adam Henrique Kevin Fiala Yegor Sharangovich 50 1 2 2
2 Jonathan Drouin Matthew Knies T.J. Oshie 50 1 2 2
PowerPlay Defense
Defense Defense Time % Phy DF OF
1 Marcus Pettersson Christopher Tanev 50 1 2 2
2 Sean Durzi Connor Murphy 50 1 2 2
Penalty Kill 4 Players Forward
Center Wing Time % Phy DF OF
1 Adam Henrique Kevin Fiala 50 1 2 2
2 Yegor Sharangovich Jonathan Drouin 50 1 2 2
Penalty Kill 4 Players Defense
Defense Defense Time % Phy DF OF
1 Marcus Pettersson Christopher Tanev 50 1 2 2
2 Sean Durzi Connor Murphy 50 1 2 2
Penalty Kill - 3 Players Forward
Forward Time % Phy DF OF
1 Adam Henrique 50 1 2 2
2 Kevin Fiala 50 1 2 2
Penalty Kill - 3 Players Defense
Defense Defense Time % Phy DF OF
1 Marcus Pettersson Christopher Tanev 50 1 2 2
2 Sean Durzi Connor Murphy 50 1 2 2
4 vs 4 Forward
Center Wing Time % Phy DF OF
1 Adam Henrique Kevin Fiala 50 1 2 2
2 Yegor Sharangovich Jonathan Drouin 50 1 2 2
4 vs 4 Defense
Defense Defense Time % Phy DF OF
1 Marcus Pettersson Christopher Tanev 50 1 2 2
2 Sean Durzi Connor Murphy 50 1 2 2
Last Minutes Offensive
Center Left Wing Right Wing Defense Defense
Adam Henrique Kevin Fiala Yegor Sharangovich Marcus Pettersson Christopher Tanev
Last Minutes Defensive
Center Left Wing Right Wing Defense Defense
Adam Henrique Kevin Fiala Yegor Sharangovich Marcus Pettersson Christopher Tanev
Goaltenders
Starting : Stuart Skinner
Backup : Tristan Jarry
Extra Forwards
Normal : Ryan Johansen, Eeli Tolvanen, Max Domi - PP : Ryan Johansen, Eeli Tolvanen - PK : Max Domi
Extra Defensemen
Normal : Alec Martinez, Dmitry Orlov, Sean Durzi - PP : Alec Martinez - PK : Dmitry Orlov, Sean Durzi
Penalty Shots
Adam Henrique, Kevin Fiala, Yegor Sharangovich, Jonathan Drouin, T.J. Oshie
Scratches
Ilya Mikheyev (Healthy), Mike Hoffman (Healthy), Nick Perbix (Healthy), Clay Stevenson (Healthy)
% Time on Ice - Tampa Bay Lightning
Lines # - Real PCT - Wanted PCT - Time Play
Normal Forward
1 - 32% - 34% - 13:31
2 - 26% - 33% - 11:15
3 - 25% - 28% - 10:31
4 - 17% - 5% - 7:13
Normal Defense
1 - 36% - 36% - 15:27
2 - 35% - 34% - 15:05
3 - 28% - 30% - 11:58
4 - 0% - 0% - 0:00
PP Forward
1 - 50% - 50% - 6:04
2 - 50% - 50% - 6:08
PP Defense
1 - 49% - 50% - 6:01
2 - 51% - 50% - 6:11
PK Forward
1 - 50% - 50% - 2:38
2 - 50% - 50% - 2:40
PK Defense
1 - 55% - 50% - 2:55
2 - 45% - 50% - 2:23
PK3 Forward
1 - 0% - 50%
2 - 0% - 50%
PK3 Defense
1 - 0% - 50%
2 - 0% - 50%
44 Forward
1 - 0% - 50%
2 - 0% - 50%
44 Defense
1 - 0% - 50%
2 - 0% - 50%
Last Minute Offensive - 0:00
Last Minute Defensive - 0:00
Total
Forward - 60:00
Defense - 60:00
|
% Time on Ice - San Jose Sharks
Lines # - Real PCT - Wanted PCT - Time Play
Normal Forward
1 - 26% - 30% - 11:09
2 - 31% - 30% - 13:11
3 - 23% - 25% - 9:57
4 - 19% - 15% - 8:13
Normal Defense
1 - 33% - 30% - 14:07
2 - 31% - 30% - 13:21
3 - 25% - 25% - 10:45
4 - 10% - 15% - 4:17
PP Forward
1 - 60% - 50% - 3:12
2 - 40% - 50% - 2:06
PP Defense
1 - 45% - 50% - 2:22
2 - 55% - 50% - 2:56
PK Forward
1 - 50% - 50% - 5:29
2 - 50% - 50% - 5:24
PK Defense
1 - 53% - 50% - 5:43
2 - 47% - 50% - 5:10
PK3 Forward
1 - 46% - 50% - 0:36
2 - 54% - 50% - 0:43
PK3 Defense
1 - 58% - 50% - 0:46
2 - 42% - 50% - 0:33
44 Forward
1 - 0% - 50%
2 - 0% - 50%
44 Defense
1 - 0% - 50%
2 - 0% - 50%
Last Minute Offensive - 0:00
Last Minute Defensive - 0:00
Total
Forward - 60:00
Defense - 60:00
|
Play-by-Play
1st period
0:01 of 1st period - Adam Henrique wins face-off versus Anze Kopitar in neutral zone.
0:08 of 1st period - Slapshot by Kevin Fiala.
0:08 of 1st period - Shot Misses the Net.
0:10 of 1st period - Slapshot by Christopher Tanev.
0:10 of 1st period - Stopped by Darcy Kuemper without a rebound.
0:11 of 1st period - Ryan Johansen wins face-off versus Roope Hintz in Tampa Bay Lightning zone.
0:16 of 1st period - Wrist shot by Jonathan Drouin.
0:16 of 1st period - Stopped by Darcy Kuemper without a rebound.
0:17 of 1st period - Ryan Johansen wins face-off versus Filip Forsberg in Tampa Bay Lightning zone.
0:18 of 1st period - Slapshot by Jonathan Drouin.
0:18 of 1st period - Shot Blocked by Hampus Lindholm.
0:20 of 1st period - Slapshot by Sean Durzi.
0:20 of 1st period - Stopped by Darcy Kuemper without a rebound.
0:21 of 1st period - Roope Hintz wins face-off versus Ryan Johansen in Tampa Bay Lightning zone.
0:30 of 1st period - Slapshot by Roope Hintz.
0:30 of 1st period - Stopped by Stuart Skinner with a rebound.
0:42 of 1st period - Wrist shot by Matthew Knies.
0:42 of 1st period - Stopped by Darcy Kuemper without a rebound.
0:43 of 1st period - Jamie Benn wins face-off versus Max Domi in Tampa Bay Lightning zone.
0:57 of 1st period - Wrist shot by Trevor Moore.
0:57 of 1st period - Stopped by Stuart Skinner without a rebound.
0:58 of 1st period - Anze Kopitar wins face-off versus Noel Acciari in San Jose Sharks zone.
1:05 of 1st period - Wrist shot by Gustav Nyquist.
1:05 of 1st period - Shot Misses the Net.
1:11 of 1st period - Wrist shot by Kirill Kaprizov.
1:11 of 1st period - Stopped by Stuart Skinner with a rebound.
1:30 of 1st period - Slapshot by Yegor Sharangovich.
1:30 of 1st period - Shot Misses the Net.
1:32 of 1st period - Slapshot by Adam Henrique.
1:32 of 1st period - Stopped by Darcy Kuemper with a rebound.
1:34 of 1st period - Slapshot by Christopher Tanev.
1:34 of 1st period - Stopped by Darcy Kuemper with a rebound.
2:10 of 1st period - Snap shot by Filip Forsberg.
2:10 of 1st period - Stopped by Stuart Skinner without a rebound.
2:11 of 1st period - Adam Henrique wins face-off versus Roope Hintz in San Jose Sharks zone.
2:36 of 1st period - Marcus Pettersson is hit by Gustav Nyquist and loses puck.
3:08 of 1st period - Wrist shot by Jonathan Huberdeau.
3:08 of 1st period - Shot Misses the Net.
3:10 of 1st period - Snap shot by Moritz Seider.
3:10 of 1st period - Deflect By Sean Durzi.
3:10 of 1st period - Stopped by Stuart Skinner without a rebound.
3:11 of 1st period - Roope Hintz wins face-off versus Adam Henrique in San Jose Sharks zone.
3:48 of 1st period - Off-side.
3:49 of 1st period - Jamie Benn wins face-off versus Max Domi in neutral zone.
3:52 of 1st period - Slapshot by Trevor Moore.
3:52 of 1st period - Stopped by Stuart Skinner without a rebound.
3:53 of 1st period - Max Domi wins face-off versus Jamie Benn in San Jose Sharks zone.
3:53 of 1st period - Max Domi is hit by Jonathan Huberdeau.
4:29 of 1st period - Snap shot by Gustav Nyquist.
4:29 of 1st period - Goal by Gustav Nyquist - Tampa Bay Lightning : 1 - San Jose Sharks : 0.
4:30 of 1st period - Anze Kopitar wins face-off versus Adam Henrique in neutral zone.
4:37 of 1st period - Slapshot by Gustav Nyquist.
4:37 of 1st period - Stopped by Stuart Skinner without a rebound.
4:38 of 1st period - Yegor Sharangovich wins face-off versus Anze Kopitar in San Jose Sharks zone.
4:51 of 1st period - Snap shot by Gustav Nyquist.
4:51 of 1st period - Shot Misses the Net.
5:01 of 1st period - Off-side.
5:02 of 1st period - Roope Hintz wins face-off versus Ryan Johansen in neutral zone.
5:09 of 1st period - Snap shot by Roope Hintz.
5:09 of 1st period - Stopped by Stuart Skinner without a rebound.
5:10 of 1st period - Ryan Johansen wins face-off versus Roope Hintz in San Jose Sharks zone.
5:47 of 1st period - Slapshot by Filip Forsberg.
5:47 of 1st period - Stopped by Stuart Skinner with a rebound.
5:49 of 1st period - Minor Penalty to Marcus Pettersson for Tripping.
5:50 of 1st period - Anze Kopitar wins face-off versus Kevin Fiala in San Jose Sharks zone.
5:51 of 1st period - Slapshot by Kirill Kaprizov.
5:51 of 1st period - Goal by Kirill Kaprizov - Tampa Bay Lightning : 2 - San Jose Sharks : 0.
5:52 of 1st period - Jamie Benn wins face-off versus Noel Acciari in neutral zone.
6:23 of 1st period - Wrist shot by Dylan Cozens.
6:23 of 1st period - Shot Misses the Net.
7:46 of 1st period - Off-side.
7:47 of 1st period - Anze Kopitar wins face-off versus Max Domi in neutral zone.
8:02 of 1st period - Snap shot by Gustav Nyquist.
8:02 of 1st period - Stopped by Stuart Skinner without a rebound.
8:03 of 1st period - Adam Henrique wins face-off versus Jamie Benn in San Jose Sharks zone.
8:35 of 1st period - Wrist shot by Gustav Nyquist.
8:35 of 1st period - Stopped by Stuart Skinner with a rebound.
8:49 of 1st period - Snap shot by Travis Konecny.
8:49 of 1st period - Shot Blocked by Connor Murphy.
8:55 of 1st period - Backhand shot by Max Domi.
8:55 of 1st period - Shot Misses the Net.
8:57 of 1st period - Slapshot by Sean Durzi.
8:57 of 1st period - Shot Misses the Net.
9:37 of 1st period - Wrist shot by Eeli Tolvanen.
9:37 of 1st period - Stopped by Darcy Kuemper without a rebound.
9:38 of 1st period - Adam Henrique wins face-off versus Jamie Benn in Tampa Bay Lightning zone.
9:54 of 1st period - Off-side.
9:55 of 1st period - Ryan Johansen wins face-off versus Anze Kopitar in neutral zone.
10:20 of 1st period - Marcus Pettersson is hit by Jamie Benn and loses puck.
10:25 of 1st period - Wrist shot by Jamie Benn.
10:25 of 1st period - Deflect By Yegor Sharangovich.
10:25 of 1st period - Shot Misses the Net.
10:25 of 1st period - Puck is out of play.
10:26 of 1st period - Jamie Benn wins face-off versus Adam Henrique in San Jose Sharks zone.
10:39 of 1st period - Snap shot by Trevor Moore.
10:39 of 1st period - Stopped by Stuart Skinner with a rebound.
11:11 of 1st period - Snap shot by Travis Konecny.
11:11 of 1st period - Stopped by Stuart Skinner with a rebound.
11:13 of 1st period - Snap shot by Travis Konecny.
11:13 of 1st period - Stopped by Stuart Skinner with a rebound.
11:15 of 1st period - Slapshot by Filip Forsberg.
11:15 of 1st period - Shot Blocked by Dmitry Orlov.
11:17 of 1st period - Wrist shot by Michael Matheson.
11:17 of 1st period - Deflect By Roope Hintz.
11:17 of 1st period - Shot Blocked by Dmitry Orlov.
11:17 of 1st period - Puck is out of play.
11:18 of 1st period - Adam Henrique wins face-off versus Jamie Benn in San Jose Sharks zone.
11:43 of 1st period - Anze Kopitar is hit by Jonathan Drouin and loses puck.
11:50 of 1st period - Jonathan Drouin is hit by Kirill Kaprizov and loses puck.
12:30 of 1st period - Minor Penalty to Jordan Martinook for Hooking.
12:31 of 1st period - Jason Dickinson wins face-off versus Adam Henrique in Tampa Bay Lightning zone.
12:39 of 1st period - Snap shot by Kevin Fiala.
12:39 of 1st period - Stopped by Darcy Kuemper without a rebound.
12:40 of 1st period - Adam Henrique wins face-off versus Anze Kopitar in Tampa Bay Lightning zone.
13:01 of 1st period - Wrist shot by Kevin Fiala.
13:01 of 1st period - Stopped by Darcy Kuemper with a rebound.
13:03 of 1st period - Snap shot by Kevin Fiala.
13:03 of 1st period - Stopped by Darcy Kuemper without a rebound.
13:04 of 1st period - Anze Kopitar wins face-off versus Jonathan Drouin in Tampa Bay Lightning zone.
14:12 of 1st period - Jason Dickinson is hit by Adam Henrique and loses puck.
14:30 of 1st period - Penalty to Jordan Martinook is over, Jordan Martinook is back on ice.
15:42 of 1st period - Icing by Jason Dickinson.
15:43 of 1st period - Jason Dickinson wins face-off versus Adam Henrique in Tampa Bay Lightning zone.
15:50 of 1st period - Kevin Fiala is hit by Jason Dickinson.
16:09 of 1st period - Snap shot by Dylan Cozens.
16:09 of 1st period - Stopped by Stuart Skinner without a rebound.
16:10 of 1st period - Ryan Johansen wins face-off versus Anze Kopitar in San Jose Sharks zone.
16:17 of 1st period - Wrist shot by Matthew Knies.
16:17 of 1st period - Shot Misses the Net.
16:19 of 1st period - Wrist shot by Connor Murphy.
16:19 of 1st period - Stopped by Darcy Kuemper without a rebound.
16:20 of 1st period - Adam Henrique wins face-off versus Anze Kopitar in Tampa Bay Lightning zone.
16:41 of 1st period - Wrist shot by Gustav Nyquist.
16:41 of 1st period - Stopped by Stuart Skinner with a rebound.
17:14 of 1st period - Minor Penalty to Christopher Tanev for Hooking.
17:15 of 1st period - Travis Konecny wins face-off versus Yegor Sharangovich in San Jose Sharks zone.
18:20 of 1st period - Yegor Sharangovich is hit by Brent Burns and loses puck.
19:14 of 1st period - Penalty to Christopher Tanev is over, Christopher Tanev is back on ice.
19:48 of 1st period - Slapshot by T.J. Oshie.
19:48 of 1st period - Shot Misses the Net.
19:50 of 1st period - Slapshot by Dmitry Orlov.
19:50 of 1st period - Shot Blocked by Michael Matheson.
19:52 of 1st period - Slapshot by Dmitry Orlov.
19:52 of 1st period - Shot Blocked by Hampus Lindholm.
Goals for this period are 2 for Tampa Bay Lightning vs 0 for San Jose Sharks.
Shots for this period are 18 for Tampa Bay Lightning vs 11 for San Jose Sharks.
2nd period
0:01 of 2nd period - Filip Forsberg wins face-off versus Adam Henrique in neutral zone.
0:14 of 2nd period - Snap shot by Kevin Fiala.
0:14 of 2nd period - Stopped by Darcy Kuemper with a rebound.
0:16 of 2nd period - Snap shot by Kevin Fiala.
0:16 of 2nd period - Shot Misses the Net.
0:23 of 2nd period - Icing by Filip Forsberg.
0:24 of 2nd period - Roope Hintz wins face-off versus Matthew Knies in Tampa Bay Lightning zone.
0:31 of 2nd period - Snap shot by Jonathan Huberdeau.
0:31 of 2nd period - Deflect By Trevor Moore.
0:31 of 2nd period - Shot Blocked by Sean Durzi.
0:31 of 2nd period - Puck is out of play.
0:32 of 2nd period - Jamie Benn wins face-off versus Kevin Fiala in San Jose Sharks zone.
0:35 of 2nd period - Wrist shot by Trevor Moore.
0:35 of 2nd period - Stopped by Stuart Skinner with a rebound.
1:04 of 2nd period - Minor Penalty to Connor Murphy for Hooking.
1:05 of 2nd period - Adam Henrique wins face-off versus Anze Kopitar in San Jose Sharks zone.
1:05 of 2nd period - Adam Henrique is hit by Darnell Nurse.
1:32 of 2nd period - Jamie Benn is hit by Jonathan Drouin and loses puck.
1:56 of 2nd period - Minor Penalty to Marcus Pettersson for Delaying the game.
1:57 of 2nd period - Adam Henrique wins face-off versus Roope Hintz in San Jose Sharks zone.
1:57 of 2nd period - Adam Henrique is hit by Jamie Benn.
3:04 of 2nd period - Penalty to Connor Murphy is over, Connor Murphy is back on ice.
3:25 of 2nd period - Brent Burns is hit by Sean Durzi and loses puck.
3:56 of 2nd period - Penalty to Marcus Pettersson is over, Marcus Pettersson is back on ice.
4:13 of 2nd period - Dylan Cozens is hit by Kevin Fiala and loses puck.
4:46 of 2nd period - Anze Kopitar is hit by Max Domi and loses puck.
5:33 of 2nd period - Eeli Tolvanen is hit by Jason Dickinson and loses puck.
5:51 of 2nd period - Wrist shot by Dylan Cozens.
5:51 of 2nd period - Shot Blocked by Kasperi Kapanen.
6:17 of 2nd period - Matthew Knies is hit by Jason Dickinson and loses puck.
6:30 of 2nd period - Slapshot by Eeli Tolvanen.
6:30 of 2nd period - Stopped by Darcy Kuemper with a rebound.
6:55 of 2nd period - Backhand shot by Jonathan Huberdeau.
6:55 of 2nd period - Shot Misses the Net.
6:57 of 2nd period - Snap shot by Jonathan Huberdeau.
6:57 of 2nd period - Stopped by Stuart Skinner with a rebound.
7:49 of 2nd period - Off-side.
7:50 of 2nd period - Jason Dickinson wins face-off versus Max Domi in neutral zone.
7:52 of 2nd period - Off-side.
7:53 of 2nd period - Jason Dickinson wins face-off versus Max Domi in neutral zone.
7:57 of 2nd period - Minor Penalty to Max Domi for Hooking.
7:58 of 2nd period - Adam Henrique wins face-off versus Roope Hintz in San Jose Sharks zone.
8:09 of 2nd period - Adam Henrique is hit by Moritz Seider and loses puck.
8:48 of 2nd period - Icing by Travis Konecny.
8:49 of 2nd period - Adam Henrique wins face-off versus Roope Hintz in Tampa Bay Lightning zone.
8:56 of 2nd period - Snap shot by Roope Hintz.
8:56 of 2nd period - Goal by Roope Hintz - Tampa Bay Lightning : 3 - San Jose Sharks : 0.
8:57 of 2nd period - Anze Kopitar wins face-off versus Adam Henrique in neutral zone.
9:26 of 2nd period - Slapshot by Max Domi.
9:26 of 2nd period - Shot Blocked by Hampus Lindholm.
9:28 of 2nd period - Slapshot by Marcus Pettersson.
9:28 of 2nd period - Stopped by Darcy Kuemper without a rebound.
9:29 of 2nd period - Max Domi wins face-off versus Roope Hintz in Tampa Bay Lightning zone.
10:23 of 2nd period - Wrist shot by Anze Kopitar.
10:23 of 2nd period - Stopped by Stuart Skinner with a rebound.
10:25 of 2nd period - Snap shot by Gustav Nyquist.
10:25 of 2nd period - Shot Misses the Net.
10:27 of 2nd period - Snap shot by Gustav Nyquist.
10:27 of 2nd period - Deflect By Yegor Sharangovich.
10:27 of 2nd period - Shot Blocked by Alec Martinez.
10:27 of 2nd period - Puck is out of play.
10:28 of 2nd period - Roope Hintz wins face-off versus Ryan Johansen in San Jose Sharks zone.
10:28 of 2nd period - Roope Hintz is hit by Jonathan Drouin.
10:43 of 2nd period - Minor Penalty to Marcus Pettersson for Tripping.
10:44 of 2nd period - Anze Kopitar wins face-off versus Yegor Sharangovich in San Jose Sharks zone.
11:07 of 2nd period - Minor Penalty to Christopher Tanev for Cross-checking.
11:08 of 2nd period - Roope Hintz wins face-off versus Kevin Fiala in San Jose Sharks zone.
11:09 of 2nd period - Slapshot by Jamie Benn.
11:09 of 2nd period - Stopped by Stuart Skinner without a rebound.
11:10 of 2nd period - Travis Konecny wins face-off versus Kevin Fiala in San Jose Sharks zone.
11:19 of 2nd period - Snap shot by Jamie Benn.
11:19 of 2nd period - Goal by Jamie Benn - Tampa Bay Lightning : 4 - San Jose Sharks : 0.
11:20 of 2nd period - Adam Henrique wins face-off versus Anze Kopitar in neutral zone.
11:25 of 2nd period - Slapshot by Sean Durzi.
11:25 of 2nd period - Shot Misses the Net.
11:55 of 2nd period - Wrist shot by Jonathan Drouin.
11:55 of 2nd period - Shot Misses the Net.
12:17 of 2nd period - Yegor Sharangovich is hit by Roope Hintz and loses puck.
12:27 of 2nd period - Off-side.
12:28 of 2nd period - Roope Hintz wins face-off versus Adam Henrique in neutral zone.
13:07 of 2nd period - Penalty to Christopher Tanev is over, Christopher Tanev is back on ice.
13:17 of 2nd period - Snap shot by Jonathan Drouin.
13:17 of 2nd period - Deflect By T.J. Oshie.
13:17 of 2nd period - Shot Misses the Net.
13:17 of 2nd period - Puck is out of play.
13:18 of 2nd period - Jason Dickinson wins face-off versus Max Domi in Tampa Bay Lightning zone.
13:40 of 2nd period - Icing by Jason Dickinson.
13:41 of 2nd period - Jason Dickinson wins face-off versus Noel Acciari in Tampa Bay Lightning zone.
14:08 of 2nd period - Minor Penalty to Connor Murphy for Slashing.
14:09 of 2nd period - Jamie Benn wins face-off versus Kevin Fiala in San Jose Sharks zone.
14:34 of 2nd period - Darnell Nurse is hit by Adam Henrique and loses puck.
14:59 of 2nd period - Dmitry Orlov is hit by Travis Konecny and loses puck.
15:25 of 2nd period - Icing by Brent Burns.
15:26 of 2nd period - Yegor Sharangovich wins face-off versus Roope Hintz in Tampa Bay Lightning zone.
16:08 of 2nd period - Penalty to Connor Murphy is over, Connor Murphy is back on ice.
16:16 of 2nd period - Snap shot by Jonathan Huberdeau.
16:16 of 2nd period - Shot Misses the Net.
16:46 of 2nd period - Minor Penalty to Michael Matheson for Tripping.
16:47 of 2nd period - Jason Dickinson wins face-off versus Jonathan Drouin in Tampa Bay Lightning zone.
17:14 of 2nd period - Sean Durzi is hit by Trevor Moore and loses puck.
17:18 of 2nd period - Icing by Sean Durzi.
17:19 of 2nd period - Jason Dickinson wins face-off versus Adam Henrique in San Jose Sharks zone.
17:26 of 2nd period - Snap shot by Trevor Moore.
17:26 of 2nd period - Shot Misses the Net.
18:06 of 2nd period - Wrist shot by Yegor Sharangovich.
18:06 of 2nd period - Goal by Yegor Sharangovich - Tampa Bay Lightning : 4 - San Jose Sharks : 1.
18:07 of 2nd period - Anze Kopitar wins face-off versus Jonathan Drouin in neutral zone.
18:12 of 2nd period - Snap shot by Anze Kopitar.
18:12 of 2nd period - Stopped by Stuart Skinner without a rebound.
18:13 of 2nd period - Anze Kopitar wins face-off versus Ryan Johansen in San Jose Sharks zone.
18:26 of 2nd period - Slapshot by Gustav Nyquist.
18:26 of 2nd period - Shot Misses the Net.
18:28 of 2nd period - Slapshot by Michael Matheson.
18:28 of 2nd period - Shot Misses the Net.
18:44 of 2nd period - Wrist shot by Roope Hintz.
18:44 of 2nd period - Stopped by Stuart Skinner with a rebound.
18:50 of 2nd period - Snap shot by Sean Durzi.
18:50 of 2nd period - Deflect By Adam Henrique.
18:50 of 2nd period - Stopped by Darcy Kuemper without a rebound.
18:51 of 2nd period - Max Domi wins face-off versus Anze Kopitar in Tampa Bay Lightning zone.
18:56 of 2nd period - Wrist shot by Eeli Tolvanen.
18:56 of 2nd period - Shot Misses the Net.
19:06 of 2nd period - Snap shot by Kirill Kaprizov.
19:06 of 2nd period - Shot Blocked by Alec Martinez.
19:08 of 2nd period - Backhand shot by Kirill Kaprizov.
19:08 of 2nd period - Stopped by Stuart Skinner without a rebound.
19:09 of 2nd period - Roope Hintz wins face-off versus Adam Henrique in San Jose Sharks zone.
19:21 of 2nd period - Minor Penalty to Adam Henrique for High sticking.
19:22 of 2nd period - Roope Hintz wins face-off versus Max Domi in San Jose Sharks zone.
Goals for this period are 2 for Tampa Bay Lightning vs 1 for San Jose Sharks.
Shots for this period are 9 for Tampa Bay Lightning vs 5 for San Jose Sharks.
3rd period
0:01 of 3rd period - Max Domi wins face-off versus Roope Hintz in neutral zone.
0:06 of 3rd period - Snap shot by Max Domi.
0:06 of 3rd period - Stopped by Darcy Kuemper without a rebound.
0:07 of 3rd period - Max Domi wins face-off versus Roope Hintz in Tampa Bay Lightning zone.
0:08 of 3rd period - Slapshot by Kevin Fiala.
0:08 of 3rd period - Stopped by Darcy Kuemper with a rebound.
0:23 of 3rd period - Slapshot by Jonathan Drouin.
0:23 of 3rd period - Stopped by Darcy Kuemper without a rebound.
0:24 of 3rd period - Anze Kopitar wins face-off versus Yegor Sharangovich in Tampa Bay Lightning zone.
1:01 of 3rd period - Jonathan Drouin is hit by Travis Konecny.
1:21 of 3rd period - Penalty to Adam Henrique is over, Adam Henrique is back on ice.
2:07 of 3rd period - Slapshot by Sean Durzi.
2:07 of 3rd period - Shot Misses the Net.
2:09 of 3rd period - Snap shot by Connor Murphy.
2:09 of 3rd period - Shot Misses the Net.
2:11 of 3rd period - Slapshot by Calle Jarnkrok.
2:11 of 3rd period - Stopped by Darcy Kuemper without a rebound.
2:12 of 3rd period - Anze Kopitar wins face-off versus Yegor Sharangovich in Tampa Bay Lightning zone.
2:23 of 3rd period - Wrist shot by Anze Kopitar.
2:23 of 3rd period - Shot Misses the Net.
2:39 of 3rd period - Snap shot by Matthew Knies.
2:39 of 3rd period - Stopped by Darcy Kuemper without a rebound.
2:40 of 3rd period - Roope Hintz wins face-off versus Ryan Johansen in Tampa Bay Lightning zone.
2:45 of 3rd period - Slapshot by Travis Konecny.
2:45 of 3rd period - Stopped by Stuart Skinner with a rebound.
2:53 of 3rd period - Wrist shot by Matthew Knies.
2:53 of 3rd period - Stopped by Darcy Kuemper with a rebound.
2:55 of 3rd period - Slapshot by Jonathan Drouin.
2:55 of 3rd period - Shot Misses the Net.
2:57 of 3rd period - Snap shot by Jonathan Drouin.
2:57 of 3rd period - Goal by Jonathan Drouin - Tampa Bay Lightning : 4 - San Jose Sharks : 2.
2:58 of 3rd period - Anze Kopitar wins face-off versus Adam Henrique in neutral zone.
3:00 of 3rd period - Off-side.
3:01 of 3rd period - Anze Kopitar wins face-off versus Adam Henrique in neutral zone.
4:03 of 3rd period - Michael Matheson is hit by Matthew Knies and loses puck.
4:12 of 3rd period - Wrist shot by Jonathan Drouin.
4:12 of 3rd period - Stopped by Darcy Kuemper without a rebound.
4:13 of 3rd period - Adam Henrique wins face-off versus Anze Kopitar in Tampa Bay Lightning zone.
4:41 of 3rd period - Minor Penalty to Roope Hintz for Roughing.
4:42 of 3rd period - Jason Dickinson wins face-off versus Jonathan Drouin in Tampa Bay Lightning zone.
5:07 of 3rd period - Hampus Lindholm is hit by Kevin Fiala.
6:41 of 3rd period - Penalty to Roope Hintz is over, Roope Hintz is back on ice.
6:46 of 3rd period - Connor Murphy is hit by Roope Hintz and loses puck.
7:34 of 3rd period - Off-side.
7:35 of 3rd period - Roope Hintz wins face-off versus Noel Acciari in neutral zone.
8:09 of 3rd period - Christopher Tanev is hit by Brent Burns and loses puck.
8:16 of 3rd period - Moritz Seider is hit by Yegor Sharangovich and loses puck.
8:36 of 3rd period - Icing by Brent Burns.
8:37 of 3rd period - Jamie Benn wins face-off versus Ryan Johansen in Tampa Bay Lightning zone.
8:44 of 3rd period - Snap shot by Jonathan Huberdeau.
8:44 of 3rd period - Deflect By Trevor Moore.
8:44 of 3rd period - Shot Misses the Net.
8:44 of 3rd period - Puck is out of play.
8:45 of 3rd period - Anze Kopitar wins face-off versus Matthew Knies in San Jose Sharks zone.
8:46 of 3rd period - Snap shot by Kirill Kaprizov.
8:46 of 3rd period - Shot Blocked by Connor Murphy.
8:54 of 3rd period - Snap shot by Gustav Nyquist.
8:54 of 3rd period - Stopped by Stuart Skinner with a rebound.
8:56 of 3rd period - Slapshot by Michael Matheson.
8:56 of 3rd period - Shot Misses the Net.
8:58 of 3rd period - Snap shot by Gustav Nyquist.
8:58 of 3rd period - Stopped by Stuart Skinner with a rebound.
9:00 of 3rd period - Snap shot by Anze Kopitar.
9:00 of 3rd period - Stopped by Stuart Skinner with a rebound.
9:02 of 3rd period - Wrist shot by Michael Matheson.
9:02 of 3rd period - Shot Misses the Net.
10:06 of 3rd period - Slapshot by Jamie Benn.
10:06 of 3rd period - Stopped by Stuart Skinner with a rebound.
11:19 of 3rd period - Wrist shot by Roope Hintz.
11:19 of 3rd period - Shot Misses the Net.
11:34 of 3rd period - Off-side.
11:35 of 3rd period - Ryan Johansen wins face-off versus Gustav Nyquist in neutral zone.
11:46 of 3rd period - Wrist shot by Kirill Kaprizov.
11:46 of 3rd period - Deflect By Anze Kopitar.
11:46 of 3rd period - Shot Misses the Net.
11:46 of 3rd period - Puck is out of play.
11:47 of 3rd period - Anze Kopitar wins face-off versus Ryan Johansen in San Jose Sharks zone.
12:12 of 3rd period - Dmitry Orlov is hit by Hampus Lindholm and loses puck.
12:34 of 3rd period - Slapshot by Yegor Sharangovich.
12:34 of 3rd period - Stopped by Darcy Kuemper with a rebound.
12:36 of 3rd period - Snap shot by Adam Henrique.
12:36 of 3rd period - Stopped by Darcy Kuemper without a rebound.
12:37 of 3rd period - Jason Dickinson wins face-off versus Adam Henrique in Tampa Bay Lightning zone.
12:44 of 3rd period - Wrist shot by Dylan Cozens.
12:44 of 3rd period - Stopped by Stuart Skinner with a rebound.
12:54 of 3rd period - Slapshot by Darnell Nurse.
12:54 of 3rd period - Stopped by Stuart Skinner with a rebound.
13:15 of 3rd period - Wrist shot by Jason Dickinson.
13:15 of 3rd period - Shot Blocked by Marcus Pettersson.
13:19 of 3rd period - Snap shot by Dylan Cozens.
13:19 of 3rd period - Stopped by Stuart Skinner without a rebound.
13:20 of 3rd period - Ryan Johansen wins face-off versus Anze Kopitar in San Jose Sharks zone.
13:25 of 3rd period - Snap shot by Matthew Knies.
13:25 of 3rd period - Shot Misses the Net.
13:27 of 3rd period - Slapshot by Alec Martinez.
13:27 of 3rd period - Stopped by Darcy Kuemper without a rebound.
13:28 of 3rd period - Ryan Johansen wins face-off versus Anze Kopitar in Tampa Bay Lightning zone.
13:55 of 3rd period - Snap shot by Matthew Knies.
13:55 of 3rd period - Deflect By Jonathan Drouin.
13:55 of 3rd period - Shot Misses the Net.
13:55 of 3rd period - Puck is out of play.
13:56 of 3rd period - Adam Henrique wins face-off versus Roope Hintz in Tampa Bay Lightning zone.
15:24 of 3rd period - Gustav Nyquist is hit by Jonathan Drouin and loses puck.
15:29 of 3rd period - Wrist shot by Jonathan Drouin.
15:29 of 3rd period - Shot Blocked by Hampus Lindholm.
15:51 of 3rd period - Wrist shot by Kirill Kaprizov.
15:51 of 3rd period - Stopped by Stuart Skinner with a rebound.
16:35 of 3rd period - Wrist shot by Kirill Kaprizov.
16:35 of 3rd period - Shot Misses the Net.
16:42 of 3rd period - Snap shot by Matthew Knies.
16:42 of 3rd period - Stopped by Darcy Kuemper with a rebound.
16:44 of 3rd period - Slapshot by Marcus Pettersson.
16:44 of 3rd period - Stopped by Darcy Kuemper without a rebound.
16:45 of 3rd period - Max Domi wins face-off versus Jamie Benn in Tampa Bay Lightning zone.
16:54 of 3rd period - Slapshot by T.J. Oshie.
16:54 of 3rd period - Deflect By Eeli Tolvanen.
16:54 of 3rd period - Shot Misses the Net.
16:54 of 3rd period - Puck is out of play.
16:55 of 3rd period - Jamie Benn wins face-off versus Max Domi in Tampa Bay Lightning zone.
17:02 of 3rd period - Slapshot by Moritz Seider.
17:02 of 3rd period - Shot Blocked by T.J. Oshie.
17:04 of 3rd period - Slapshot by Brent Burns.
17:04 of 3rd period - Shot Misses the Net.
17:06 of 3rd period - Wrist shot by Brent Burns.
17:06 of 3rd period - Shot Blocked by Eeli Tolvanen.
17:14 of 3rd period - Slapshot by Trevor Moore.
17:14 of 3rd period - Shot Misses the Net.
17:16 of 3rd period - Slapshot by Trevor Moore.
17:16 of 3rd period - Shot Misses the Net.
17:38 of 3rd period - Wrist shot by Jonathan Huberdeau.
17:38 of 3rd period - Stopped by Stuart Skinner without a rebound.
17:39 of 3rd period - Noel Acciari wins face-off versus Roope Hintz in San Jose Sharks zone.
17:44 of 3rd period - Wrist shot by Kasperi Kapanen.
17:44 of 3rd period - Shot Blocked by Filip Forsberg.
17:46 of 3rd period - Slapshot by Alec Martinez.
17:46 of 3rd period - Shot Misses the Net.
17:48 of 3rd period - Wrist shot by Kasperi Kapanen.
17:48 of 3rd period - Stopped by Darcy Kuemper without a rebound.
17:49 of 3rd period - Roope Hintz wins face-off versus Noel Acciari in Tampa Bay Lightning zone.
17:52 of 3rd period - Wrist shot by Calle Jarnkrok.
17:52 of 3rd period - Stopped by Darcy Kuemper without a rebound.
17:53 of 3rd period - Max Domi wins face-off versus Jamie Benn in Tampa Bay Lightning zone.
17:58 of 3rd period - Wrist shot by T.J. Oshie.
17:58 of 3rd period - Stopped by Darcy Kuemper with a rebound.
18:57 of 3rd period - Icing by Kirill Kaprizov.
18:58 of 3rd period - Ryan Johansen wins face-off versus Anze Kopitar in Tampa Bay Lightning zone.
19:09 of 3rd period - Snap shot by Ryan Johansen.
19:09 of 3rd period - Shot Misses the Net.
19:25 of 3rd period - Snap shot by Jamie Benn.
19:25 of 3rd period - Shot Misses the Net.
19:31 of 3rd period - Snap shot by Jonathan Huberdeau.
19:31 of 3rd period - Stopped by Stuart Skinner without a rebound.
19:32 of 3rd period - Noel Acciari wins face-off versus Anze Kopitar in San Jose Sharks zone.
19:45 of 3rd period - Snap shot by Sean Durzi.
19:45 of 3rd period - Stopped by Darcy Kuemper without a rebound.
19:46 of 3rd period - Jamie Benn wins face-off versus Max Domi in Tampa Bay Lightning zone.
19:46 of 3rd period - Jamie Benn is hit by Connor Murphy.
19:58 of 3rd period - Snap shot by Jonathan Huberdeau.
19:58 of 3rd period - Shot Misses the Net.
Goals for this period are 0 for Tampa Bay Lightning vs 1 for San Jose Sharks.
Shots for this period are 11 for Tampa Bay Lightning vs 17 for San Jose Sharks.
Back to the Top